[Event "Titled Tuesday Blitz February 07 Early 2023"]
[White "Zanette, Edgard Vinicius"]
[Black "Vargas, Mauricio"]
[WhiteFideId "2109263"]
[BlackFideId "4404572"]
[WhiteElo "2085"]
[BlackElo "2035"]
[Result "1-0"]
[Round "07"]
[TimeControl "180+2"]
[Date "2023.02.07"]
[WhiteClock "0:00:06"]
[BlackClock "0:00:03"]

1. e4 c5 2. Nf3 d6 3. d4 cxd4 4. Nxd4 Nf6 5. Nc3 g6 6. Be3 Bg7 7. f3 a6 8. Qd2 Bd7 9. O-O-O Nc6 10. g4 O-O 11. h4 Ne5 12. h5 Rc8 13. hxg6 fxg6 14. Bh6 Nc4 15. Bxc4+ Rxc4 16. Bxg7 Kxg7 17. Qh6+ Kh8 18. Nd5 Rf7 19. Qxg6 Qg8 20. Qxg8+ Kxg8 21. Ne3 Rc5 22. Nef5 b5 23. Nh6+ Kg7 24. Nxf7 Kxf7 25. Nf5 Be6 26. a3 a5 27. Rdg1 b4 28. axb4 axb4 29. g5 Nd7 30. Rxh7+ Kg8 31. Rxe7 b3 32. Rxe6 Rxc2+ 33. Kb1 Nc5 34. Rxd6 Na4 35. Nd4 Rxb2+ 36. Kc1 Ra2 37. Nxb3 Rb2 38. Nd4 Ra2 39. Rg4 Ra1+ 40. Kc2 Ra2+ 41. Kb3 1-0


[Site "https://www.chess.com"]

[Event "Titled Tuesday Blitz February 07 Early 2023"]
[White "Bolanos, Fernando"]
[Black "Mohammadian, Mohammad"]
[WhiteFideId "3304094"]
[BlackFideId "12566055"]
[WhiteElo "2248"]
[BlackElo "1398"]
[Result "1-0"]
[Round "07"]
[TimeControl "180+2"]
[Date "2023.02.07"]
[WhiteClock "0:01:26"]
[BlackClock "0:01:05"]

1. e4 e5 2. Nf3 Nc6 3. Bc4 Bc5 4. c3 Nf6 5. d4 exd4 6. b4 Bb6 7. e5 d5 8. exf6 dxc4 9. Qe2+ Be6 10. fxg7 Rg8 11. b5 d3 12. Qe4 Ne7 13. Qxh7 Qd5 14. O-O O-O-O 15. Bg5 Bc5 16. Nbd2 Rde8 17. Ne4 Ng6 18. Nf6 Qd8 19. Nxg8 Bxf2+ 20. Rxf2 Qd6 21. Nf6 d2 22. Nxe8 Kd7 23. Nxd6 cxd6 24. g8=Q 1-0


[Site "https://www.chess.com"]

[Event "Titled Tuesday Blitz February 07 Early 2023"]
[White "Kornyukov, Alexey"]
[Black "Kuchava, Ana"]
[WhiteFideId "4150457"]
[BlackFideId "13605348"]
[WhiteElo "2452"]
[BlackElo "2101"]
[Result "1-0"]
[Round "07"]
[TimeControl "180+2"]
[Date "2023.02.07"]
[WhiteClock "0:00:44"]
[BlackClock "0:00:04"]

1. e4 c5 2. Nf3 d6 3. Bc4 e6 4. O-O Nc6 5. c3 Nf6 6. d4 cxd4 7. cxd4 d5 8. exd5 Nxd5 9. Bxd5 exd5 10. Re1+ Be6 11. Ng5 Qd7 12. Nc3 Be7 13. Nxe6 fxe6 14. Qh5+ g6 15. Qg4 e5 16. Qxd7+ Kxd7 17. dxe5 d4 18. e6+ Kd8 19. Nd5 Rc8 20. Nxe7 Nxe7 21. Bg5 Re8 22. Rad1 Rc4 23. b3 Rb4 24. a3 Rxb3 25. Rxd4+ Kc8 26. Rc1+ Kb8 27. Rd7 Nc6 28. e7 Rxa3 29. h3 Ra6 30. Rcd1 Nxe7 31. Bf4+ Kc8 32. Rc7+ Kb8 33. Rxe7+ 1-0


[Site "https://www.chess.com"]

[Event "Titled Tuesday Blitz February 07 Early 2023"]
[White "Quirke, Jeffrey"]
[Black "Stolz, Mike"]
[WhiteFideId "2013029"]
[BlackFideId "4617134"]
[WhiteElo "2007"]
[BlackElo "2330"]
[Result "0-1"]
[Round "07"]
[TimeControl "180+2"]
[Date "2023.02.07"]
[WhiteClock "0:00:05"]
[BlackClock "0:00:17"]

1. e4 c5 2. Nc3 a6 3. f4 b5 4. g3 Bb7 5. Bg2 d6 6. d3 Nd7 7. Nf3 g6 8. O-O Bg7 9. f5 Ngf6 10. Bg5 O-O 11. Nh4 Ne5 12. fxg6 hxg6 13. Nd5 Nxd5 14. exd5 Qd7 15. c3 c4 16. d4 Nd3 17. Qe2 Rae8 18. Be4 e5 19. Nxg6 fxg6 20. Bxg6 Qh3 21. Bh4 Nf4 22. gxf4 Qxh4 23. f5 Re7 24. Rf3 exd4 25. Qf1 Bxd5 26. Rh3 Qg5+ 27. Rg3 Qh6 28. Rh3 Qxg6+ 29. Rg3 Qxf5 0-1


[Site "https://www.chess.com"]

[Event "Titled Tuesday Blitz February 07 Early 2023"]
[White "Keymer, Vincent"]
[Black "So, Wesley"]
[WhiteFideId "12940690"]
[BlackFideId "5202213"]
[WhiteElo "2700"]
[BlackElo "2760"]
[Result "0-1"]
[Round "08"]
[TimeControl "180+2"]
[Date "2023.02.07"]
[WhiteClock "0:00:04"]
[BlackClock "0:00:19"]

1. Nf3 Nf6 2. c4 c6 3. Nc3 d5 4. e3 a6 5. d4 Bf5 6. Nh4 Bc8 7. Qc2 e6 8. Nf3 c5 9. cxd5 exd5 10. Be2 Nc6 11. O-O Be6 12. Rd1 Nb4 13. Qd2 Ne4 14. Nxe4 dxe4 15. Ne1 cxd4 16. Qxd4 Qxd4 17. Rxd4 f5 18. b3 Rc8 19. Rd2 Be7 20. Bb2 O-O 21. a3 Nc6 22. b4 Rfd8 23. Rxd8+ Rxd8 24. Rd1 Rc8 25. Nc2 Kf7 26. Kf1 Bf6 27. Bxf6 Kxf6 28. Rd2 Ne5 29. f4 Nd3 30. Ne1 Nxe1 31. Kxe1 Rc3 32. Kf2 Rxa3 33. Rd6 Ke7 34. Rd4 b5 35. g4 Ra2 36. Ke1 g6 37. h3 Rb2 38. Kf1 Rb3 39. Kf2 Rc3 40. Bf1 Rc2+ 41. Ke1 Rc1+ 42. Kf2 Bc4 43. Bxc4 Rxc4 44. Rd5 fxg4 45. hxg4 Rxb4 46. Kg3 a5 47. f5 g5 48. Re5+ Kf7 49. Re6 a4 50. Ra6 Rb3 51. Ra7+ Kf6 52. Ra6+ Ke5 53. Kf2 Rb2+ 54. Ke1 Rb1+ 55. Kf2 Rc1 56. f6 Rc7 57. Ra5 Kxf6 58. Rxb5 Ra7 59. Rf5+ Kg6 60. Rb5 a3 61. Rb1 a2 62. Ra1 h5 63. gxh5+ Kxh5 0-1


[Site "https://www.chess.com"]

[Event "Titled Tuesday Blitz February 07 Early 2023"]
[White "Daneshvar, Bardiya"]
[Black "Kamsky, Gata"]
[WhiteFideId "12576468"]
[BlackFideId "2000024"]
[WhiteElo "2540"]
[BlackElo "2665"]
[Result "1-0"]
[Round "08"]
[TimeControl "180+2"]
[Date "2023.02.07"]
[WhiteClock "0:00:13"]
[BlackClock "0:00:02"]

1. Nf3 d5 2. e3 Nf6 3. c4 g6 4. cxd5 Bg7 5. Qa4+ Nbd7 6. e4 O-O 7. Qc2 Re8 8. Nc3 Nf8 9. Bb5 Bd7 10. Bxd7 N6xd7 11. d4 e6 12. dxe6 Nxe6 13. Be3 c5 14. dxc5 Nexc5 15. O-O Bxc3 16. bxc3 Nxe4 17. Rad1 Qc7 18. Nd4 Nxc3 19. Rc1 Rac8 20. Qb3 Qc4 21. Qxb7 Nc5 22. Qxa7 Qxa2 23. Qxa2 Nxa2 24. Rc4 Nd3 25. Rxc8 Rxc8 26. h3 Nc3 27. Nf3 f5 28. Ra1 f4 29. Bd4 Ne2+ 30. Kf1 Nxd4 31. Nxd4 Rc4 32. Ne6 Rc2 33. f3 h6 34. Ra7 Rf2+ 35. Kg1 g5 36. Rg7+ Kh8 37. Rg6 Kh7 38. Nf8+ Kh8 39. Rxh6+ Kg7 40. Rd6 Kxf8 41. Rxd3 Rb2 42. Rd5 Kf7 43. Rxg5 Kf6 44. Ra5 Rc2 45. Kh2 Rc8 46. Ra6+ Kf5 47. Ra5+ Kf6 48. h4 Rg8 49. Rb5 Rg7 50. Rb8 1-0


[Site "https://www.chess.com"]

[Event "Titled Tuesday Blitz February 07 Early 2023"]
[White "Rakhmanov, Aleksandr"]
[Black "Zierk, Steven"]
[WhiteFideId "4173708"]
[BlackFideId "2034255"]
[WhiteElo "2632"]
[BlackElo "2488"]
[Result "1-0"]
[Round "08"]
[TimeControl "180+2"]
[Date "2023.02.07"]
[WhiteClock "0:00:07"]
[BlackClock "0:00:03"]

1. c4 e6 2. e4 d5 3. exd5 exd5 4. d4 Nf6 5. Nc3 Bb4 6. Bd3 dxc4 7. Bxc4 O-O 8. Ne2 Nbd7 9. O-O Nb6 10. Bb3 c6 11. Re1 Re8 12. Bg5 Bf5 13. Bxf7+ Kxf7 14. Qb3+ Nbd5 15. Nxd5 Qxd5 16. Qxb4 Ne4 17. Qxb7+ Kg8 18. Bf4 Nf6 19. Be5 Nd7 20. Nc3 Qc4 21. Qb3 Qxb3 22. axb3 a5 23. f3 Bc2 24. Ra3 c5 25. Kf2 cxd4 26. Bxd4 Rxe1 27. Kxe1 Nb8 28. Kd2 Bg6 29. Ne4 Nc6 30. Bc3 Rd8+ 31. Ke3 Rd5 32. Ra1 Rb5 33. Nd6 Rxb3 34. Nc4 Rb8 35. Nxa5 Re8+ 36. Kf2 Ra8 37. Ra3 Ne7 38. Nc4 Rb8 39. Ne3 Rb7 40. Ra8+ Kf7 41. Ra5 Nc6 42. Rc5 Nd8 43. h4 Ne6 44. Ra5 Bd3 45. g4 h6 46. h5 Rd7 47. Nf5 Kg8 48. Ra8+ Kh7 49. Ra5 Ng5 50. Nxg7 Rxg7 51. Bxg7 Kxg7 52. Ke3 Bf1 53. b4 Bg2 54. f4 Nf7 55. Ra7 Kf6 56. b5 Nd6 57. Ra6 Ke7 58. Rxd6 Kxd6 59. g5 hxg5 60. h6 Ke6 61. h7 1-0


[Site "https://www.chess.com"]

[Event "Titled Tuesday Blitz February 07 Early 2023"]
[White "Sjugirov, Sanan"]
[Black "Avinash, Ramesh"]
[WhiteFideId "4189302"]
[BlackFideId "45018340"]
[WhiteElo "2712"]
[BlackElo "2319"]
[Result "1-0"]
[Round "08"]
[TimeControl "180+2"]
[Date "2023.02.07"]
[WhiteClock "0:00:05"]
[BlackClock "0:01:16"]

1. d4 Nf6 2. c4 g6 3. Nc3 d5 4. cxd5 Nxd5 5. e4 Nxc3 6. bxc3 Bg7 7. Bc4 c5 8. Ne2 O-O 9. O-O Nc6 10. Be3 cxd4 11. cxd4 Bg4 12. f3 Bd7 13. Rb1 b6 14. Qd2 Na5 15. Ba6 e6 16. Rfc1 Bc8 17. Bb5 Bd7 18. Bd3 Rc8 19. Bg5 f6 20. Bh6 Qe7 21. Bxg7 Kxg7 22. Ba6 Rxc1+ 23. Rxc1 Nc6 24. h4 Qb4 25. Qe3 Nb8 26. Bb7 Qd6 27. h5 Nc6 28. h6+ Kf7 29. e5 fxe5 30. Bxc6 Bxc6 31. dxe5 Qd7 32. Ng3 Bd5 33. Kh2 Rc8 34. Qf4+ Kg8 35. Nh5 gxh5 36. Qg5+ Kf8 37. Qf6+ Ke8 38. Qh8+ Ke7 39. Rxc8 Qxc8 40. Qxc8 Kf7 41. Qc7+ Kg6 42. Qg7+ Kf5 43. Qf6# 1-0


[Site "https://www.chess.com"]

[Event "Titled Tuesday Blitz February 07 Early 2023"]
[White "Korobov, Anton"]
[Black "Zemlyanskii, Ivan"]
[WhiteFideId "14105730"]
[BlackFideId "24249971"]
[WhiteElo "2664"]
[BlackElo "2300"]
[Result "1-0"]
[Round "08"]
[TimeControl "180+2"]
[Date "2023.02.07"]
[WhiteClock "0:00:30"]
[BlackClock "0:00:03"]

1. d4 Nc6 2. Nf3 d6 3. c4 e5 4. Nc3 Nf6 5. d5 Ne7 6. e4 Ng6 7. g3 Be7 8. h4 h6 9. Be2 Bg4 10. Be3 O-O 11. Nd2 Bxe2 12. Qxe2 h5 13. f3 c6 14. O-O-O Rc8 15. Kb1 Qa5 16. a3 Qa6 17. Na2 Qa4 18. Rc1 Rc7 19. Rc3 Rfc8 20. Rhc1 c5 21. Rb3 a6 22. Nc3 Qe8 23. a4 Bd8 24. Nf1 Rd7 25. Bg5 Nh7 26. Bxd8 Qxd8 27. Ne3 Nf6 28. Qd2 Qa5 29. Nf5 Ne7 30. g4 hxg4 31. fxg4 Nxf5 32. exf5 Nxg4 33. Rg1 Nf6 34. Qg5 Kf8 35. h5 Ne8 36. h6 gxh6 37. Qxh6+ Ke7 38. Rg8 Qc7 39. Qf8+ Kf6 40. Ne4+ Kxf5 41. Ng3+ Kf6 42. Nh5+ Kf5 43. Qh6 Ke4 44. Qe3+ Kf5 45. Qf3# 1-0


[Site "https://www.chess.com"]

[Event "Titled Tuesday Blitz February 07 Early 2023"]
[White "Perez Ponsa, Federico"]
[Black "Assaubayeva, Bibisara"]
[WhiteFideId "117927"]
[BlackFideId "13708694"]
[WhiteElo "2532"]
[BlackElo "2464"]
[Result "1-0"]
[Round "08"]
[TimeControl "180+2"]
[Date "2023.02.07"]
[WhiteClock "0:01:07"]
[BlackClock "0:00:08"]

1. e4 c5 2. Nf3 d6 3. d4 cxd4 4. Nxd4 Nf6 5. Nc3 a6 6. Be2 e5 7. Nb3 Be7 8. Bg5 Be6 9. Bxf6 Bxf6 10. Qd3 Be7 11. O-O-O Nd7 12. Nd5 Bxd5 13. Qxd5 Qc7 14. Kb1 Rc8 15. c3 b5 16. Qd3 O-O 17. Bg4 Rcd8 18. Bxd7 Rxd7 19. Na1 Rfd8 20. Qd5 Qb6 21. Rhf1 a5 22. Nc2 b4 23. c4 Bg5 24. g3 a4 25. f4 exf4 26. Qxg5 b3 27. axb3 Qxb3 28. Qb5 fxg3 29. Qxb3 axb3 30. Nd4 gxh2 31. Nxb3 Rc8 32. Nd2 Rc5 33. Rf2 g6 34. Rxh2 f5 35. b3 Rb7 36. Kc2 Re5 37. exf5 Rxf5 38. Ne4 Rf3 39. Rxd6 Rfxb3 40. Nf6+ Kf8 41. Rxh7 Rb2+ 42. Kc3 R2b3+ 43. Kd4 Rxh7 44. Nxh7+ Kg7 45. Ng5 Rg3 46. Ne4 1-0


[Site "https://www.chess.com"]

[Event "Titled Tuesday Blitz February 07 Early 2023"]
[White "Galchenko, Matvey"]
[Black "Szpar, Milosz"]
[WhiteFideId "24175480"]
[BlackFideId "1184989"]
[WhiteElo "2438"]
[BlackElo "2447"]
[Result "1-0"]
[Round "08"]
[TimeControl "180+2"]
[Date "2023.02.07"]
[WhiteClock "0:00:27"]
[BlackClock "0:00:02"]

1. f4 c5 2. Nf3 Nc6 3. g3 g6 4. Bg2 Bg7 5. O-O d5 6. d3 Nf6 7. Nc3 O-O 8. e4 dxe4 9. dxe4 e5 10. Qxd8 Rxd8 11. Nxe5 Nxe5 12. fxe5 Ng4 13. Bg5 Rf8 14. Be7 Re8 15. Bxc5 Bxe5 16. Nd5 b6 17. Ba3 Ba6 18. Rfd1 h5 19. c3 h4 20. h3 Nh6 21. gxh4 Kg7 22. Rd2 Rh8 23. Rad1 Ng8 24. Nb4 Bc4 25. Nc6 Bg3 26. Rd7 Rxh4 27. Rxa7 Rxa7 28. Nxa7 Bxa2 29. Nc8 Nf6 30. Be7 b5 31. Nd6 Rh5 32. Rf1 Nd7 33. Ne8+ Kg8 34. Ra1 Be6 35. Ra8 Bb8 36. Nf6+ 1-0


[Site "https://www.chess.com"]

[Event "Titled Tuesday Blitz February 07 Early 2023"]
[White "Zahid, Sanatan"]
[Black "Kollars, Dmitrij"]
[WhiteFideId "10201963"]
[BlackFideId "12909572"]
[WhiteElo "1930"]
[BlackElo "2607"]
[Result "1-0"]
[Round "08"]
[TimeControl "180+2"]
[Date "2023.02.07"]
[WhiteClock "0:00:40"]
[BlackClock "0:00:06"]

1. d4 Nf6 2. Nc3 d5 3. Bf4 c5 4. e4 Nxe4 5. Nxe4 dxe4 6. dxc5 Qa5+ 7. c3 Qxc5 8. Qa4+ Nc6 9. Qxe4 g6 10. Nf3 Bg7 11. Qe3 Qxe3+ 12. Bxe3 Bf5 13. O-O-O O-O 14. Nd4 Nxd4 15. Bxd4 Bh6+ 16. Be3 Bxe3+ 17. fxe3 Be4 18. Rg1 Rfd8 19. Rd4 Bc6 20. Be2 e5 21. Rxd8+ Rxd8 22. g4 Kg7 23. Rd1 Re8 24. b4 Re7 25. Kb2 f5 26. b5 Be4 27. gxf5 gxf5 28. c4 b6 29. Kc3 Kf6 30. a4 f4 31. a5 Kf5 32. exf4 exf4 33. axb6 axb6 34. Rd6 f3 35. Bf1 Rg7 36. Kd4 Rg6 37. Rd7 Rh6 38. Rf7+ Ke6 39. Rc7 Kf5 40. Ke3 Rxh2 41. c5 Rb2 42. cxb6 Rb3+ 43. Kd4 Rb4+ 44. Kc3 Rb1 45. b7 Bxb7 46. Bd3+ Be4 47. Bxb1 Bxb1 48. Kd4 Kf4 49. b6 f2 50. Rc1 Be4 51. Rf1 Kf3 52. Rxf2+ Kxf2 53. Kxe4 h5 54. b7 h4 55. b8=Q Kg2 56. Qg8+ Kh2 57. Kf3 h3 58. Kf2 Kh1 59. Qg1# 1-0


[Site "https://www.chess.com"]

[Event "Titled Tuesday Blitz February 07 Early 2023"]
[White "Yuan, Qingyu"]
[Black "Chigaev, Maksim"]
[WhiteFideId "8609772"]
[BlackFideId "4108116"]
[WhiteElo "2373"]
[BlackElo "2628"]
[Result "1-0"]
[Round "08"]
[TimeControl "180+2"]
[Date "2023.02.07"]
[WhiteClock "0:00:04"]
[BlackClock "0:00:06"]

1. e4 c5 2. Nf3 d6 3. Bb5+ Bd7 4. Bxd7+ Qxd7 5. c4 e5 6. Nc3 Nc6 7. d3 Be7 8. a3 Bd8 9. b4 Nge7 10. bxc5 dxc5 11. O-O O-O 12. Nd5 f5 13. Bb2 Ng6 14. Re1 Ba5 15. Re3 Nd4 16. exf5 Rxf5 17. Bxd4 exd4 18. Re4 Raf8 19. Qe2 Bd8 20. Rb1 b6 21. h3 Rxf3 22. gxf3 Qxh3 23. Re8 Nh4 24. Qe6+ Qxe6 25. Rxe6 Nxf3+ 26. Kg2 Nh4+ 27. Kf1 Nf5 28. Rbe1 Bh4 29. Kg2 Ne3+ 30. Nxe3 Bxf2 31. Nd5 Bxe1 32. Rxe1 h5 33. Kg3 Kh7 34. Re7 Kh6 35. Rxa7 Rf1 36. Rb7 Rd1 37. Rxb6+ Kg5 38. a4 Rxd3+ 39. Kg2 Rd2+ 40. Kf3 Rd3+ 41. Kg2 Ra3 42. Ra6 Kg4 43. Rg6+ Kf5 44. Rxg7 h4 45. Rc7 Kg4 46. Rxc5 Ra2+ 47. Kf1 h3 48. Rc8 h2 49. Rg8+ Kf3 50. Rf8+ Ke4 51. Rh8 d3 52. Nc3+ Kf3 53. Nxa2 d2 54. Nc3 h1=Q+ 1-0


[Site "https://www.chess.com"]

[Event "Titled Tuesday Blitz February 07 Early 2023"]
[White "Bruzon Batista, Lazaro"]
[Black "Grigorjev, Iljya"]
[WhiteFideId "3503739"]
[BlackFideId "24159565"]
[WhiteElo "2611"]
[BlackElo "2426"]
[Result "1-0"]
[Round "08"]
[TimeControl "180+2"]
[Date "2023.02.07"]
[WhiteClock "0:01:20"]
[BlackClock "0:00:04"]

1. e4 e5 2. Nf3 Nc6 3. Bb5 a6 4. Ba4 Nf6 5. O-O b5 6. Bb3 Bc5 7. d3 d6 8. a4 Rb8 9. axb5 axb5 10. Nc3 Bg4 11. Be3 Nd4 12. Bxd4 Bxd4 13. h3 Bxf3 14. Qxf3 O-O 15. Ra2 Nd7 16. Ne2 Nc5 17. Nxd4 exd4 18. Bd5 Na4 19. Rfa1 Qd7 20. Qg4 Qxg4 21. hxg4 Rb6 22. b4 Rfb8 23. Bb3 Kf8 24. f4 Nc3 25. Ra7 R6b7 26. Kf2 c5 27. bxc5 dxc5 28. e5 Ke7 29. R1a6 Nd1+ 30. Kf3 Ne3 31. f5 c4 32. dxc4 bxc4 33. Ba4 f6 34. Bc6 Rxa7 35. Rxa7+ Kf8 36. e6 1-0


[Site "https://www.chess.com"]

[Event "Titled Tuesday Blitz February 07 Early 2023"]
[White "Timofeev, Artyom"]
[Black "Postny, Evgeny"]
[WhiteFideId "4140419"]
[BlackFideId "2804344"]
[WhiteElo "2567"]
[BlackElo "2549"]
[Result "1/2-1/2"]
[Round "08"]
[TimeControl "180+2"]
[Date "2023.02.07"]
[WhiteClock "0:00:14"]
[BlackClock "0:00:03"]

1. e4 e5 2. Nf3 Nc6 3. Bb5 a6 4. Ba4 Nf6 5. d3 b5 6. Bb3 Be7 7. O-O O-O 8. Re1 d6 9. c3 Na5 10. Bc2 c5 11. Nbd2 Nc6 12. Nf1 Re8 13. Ng3 Bf8 14. h3 g6 15. d4 cxd4 16. cxd4 exd4 17. Nxd4 Nxd4 18. Qxd4 Bg7 19. Qd3 Bb7 20. Bf4 d5 21. e5 Nd7 22. Qd2 Nxe5 23. b3 d4 24. Be4 Bxe4 25. Rxe4 f5 26. Ree1 Qd5 27. Bh6 Bxh6 28. Qxh6 d3 29. Rad1 Rad8 30. Qf4 Qd4 31. Qg5 Nf7 32. Rxe8+ Rxe8 33. Nxf5 Qxf2+ 34. Kxf2 Nxg5 35. Ng3 Rc8 36. Ke3 Rc2 37. Rd2 Kf7 38. Kxd3 Rxd2+ 39. Kxd2 Ke6 40. Ke3 Ke5 41. a4 bxa4 42. bxa4 Ne6 43. Ne2 Nc5 44. Nc3 a5 45. h4 Kf5 46. Kd4 Nxa4 47. Nxa4 Kg4 48. Ke3 Kg3 49. Nc3 Kxg2 50. Kf4 h6 51. Kg4 Kf2 52. Kf4 Kg2 53. Kg4 Kf2 54. Kf4 Kg2 1/2-1/2


[Site "https://www.chess.com"]

[Event "Titled Tuesday Blitz February 07 Early 2023"]
[White "Paichadze, Luka"]
[Black "Urazayev, Arystanbek"]
[WhiteFideId "13602934"]
[BlackFideId "13709810"]
[WhiteElo "2515"]
[BlackElo "2460"]
[Result "0-1"]
[Round "08"]
[TimeControl "180+2"]
[Date "2023.02.07"]
[WhiteClock "0:00:10"]
[BlackClock "0:00:19"]

1. e4 c5 2. Nf3 e6 3. c3 d5 4. e5 d4 5. g3 Bd7 6. Bg2 Bc6 7. O-O Nd7 8. Re1 Ne7 9. cxd4 cxd4 10. Na3 Ng6 11. Nxd4 Bxg2 12. Kxg2 Bxa3 13. bxa3 Ndxe5 14. Qa4+ Qd7 15. Qxd7+ Kxd7 16. h4 h5 17. Rb1 b6 18. Bb2 Nd3 19. Re3 Nxb2 20. Rxb2 Ne7 21. a4 Nd5 22. Ra3 a5 23. Nf3 f6 24. Rd3 Rac8 25. Rxb6 Rb8 26. Rb5 Rxb5 27. axb5 a4 28. Ra3 Ra8 29. Nd4 Kd6 30. f4 Nb6 31. f5 e5 32. Ne6 g6 33. Rc3 Nd5 34. Rc6+ Ke7 35. a3 gxf5 36. Ng7 f4 37. Nf5+ Kf7 38. Rd6 Kg6 39. Nd4 Nc7 40. b6 Ne8 41. Nc6 Nxd6 0-1


[Site "https://www.chess.com"]

[Event "Titled Tuesday Blitz February 07 Early 2023"]
[White "Vasquez Schroeder, Rodrigo"]
[Black "Ter-Sahakyan, Samvel"]
[WhiteFideId "3400042"]
[BlackFideId "13302531"]
[WhiteElo "2524"]
[BlackElo "2617"]
[Result "1-0"]
[Round "08"]
[TimeControl "180+2"]
[Date "2023.02.07"]
[WhiteClock "0:00:55"]
[BlackClock "0:01:27"]

1. d4 Nf6 2. c4 e6 3. Nf3 d5 4. Nc3 c6 5. e3 Nbd7 6. Bd3 dxc4 7. Bxc4 b5 8. Bd3 Bd6 9. O-O O-O 10. b3 Bb7 11. Bb2 a6 12. a4 b4 13. Ne4 Nxe4 14. Bxe4 Nf6 15. Bd3 c5 16. Rc1 Rc8 17. Qe2 a5 18. dxc5 Rxc5 19. Bxf6 Qxf6 20. Rxc5 Bxc5 21. Qc2 Rc8 22. Bxh7+ Kh8 23. Be4 Bxe3 24. Qb1 Bxe4 25. Qxe4 Bc5 26. Ne5 Rd8 27. Nxf7+ 1-0


[Site "https://www.chess.com"]

[Event "Titled Tuesday Blitz February 07 Early 2023"]
[White "Orozbaev, Eldiar"]
[Black "Jones, Gawain C B"]
[WhiteFideId "13802240"]
[BlackFideId "409561"]
[WhiteElo "2235"]
[BlackElo "2618"]
[Result "1-0"]
[Round "08"]
[TimeControl "180+2"]
[Date "2023.02.07"]
[WhiteClock "0:00:10"]
[BlackClock "0:00:02"]

1. e4 e5 2. Nf3 Nc6 3. d4 exd4 4. c3 d5 5. Bd3 Nf6 6. e5 Ne4 7. O-O dxc3 8. Nxc3 Nxc3 9. bxc3 Be7 10. Re1 O-O 11. Qc2 h6 12. h3 Be6 13. Rb1 Bc5 14. Be3 Bxe3 15. Rxe3 b6 16. Rbe1 Ne7 17. Nh2 c5 18. f4 c4 19. Bh7+ Kh8 20. f5 Kxh7 21. fxe6+ Kh8 22. exf7 Rxf7 23. Nf3 Nf5 24. R3e2 d4 25. e6 Rf6 26. e7 Qe8 27. cxd4 Rc8 28. Re6 Rxe6 29. Rxe6 c3 30. d5 Nxe7 31. Ne5 Nxd5 32. Rxe8+ Rxe8 33. Ng6+ Kg8 34. Qb3 Kh7 35. Qxd5 Kxg6 36. Qc6+ Kf7 37. Qxc3 Re6 38. Qf3+ Kg6 39. Qb7 a5 40. Qc8 Rf6 41. Kh2 h5 42. Qe8+ Kh6 43. g4 hxg4 44. hxg4 Kg5 45. Kg3 Rh6 46. Qe5+ Kg6 47. Qf5# 1-0


[Site "https://www.chess.com"]

[Event "Titled Tuesday Blitz February 07 Early 2023"]
[White "Kilic, Eray"]
[Black "Samunenkov, Ihor"]
[WhiteFideId "44517173"]
[BlackFideId "14187086"]
[WhiteElo "2414"]
[BlackElo "2501"]
[Result "0-1"]
[Round "08"]
[TimeControl "180+2"]
[Date "2023.02.07"]
[WhiteClock "0:00:06"]
[BlackClock "0:00:05"]

1. e4 c5 2. Nf3 Nc6 3. Bb5 Nf6 4. d3 Qa5+ 5. Nc3 Nd4 6. Bc4 b5 7. Bb3 Nxb3 8. cxb3 d6 9. h3 h6 10. O-O e5 11. Bd2 Qb6 12. Nh2 Be7 13. Kh1 O-O 14. f4 exf4 15. Bxf4 Be6 16. Qd2 d5 17. e5 Nh5 18. Ne2 d4 19. Ng3 Nxf4 20. Qxf4 Bg5 21. Qf3 Qc7 22. Ng4 Bxg4 23. Qxg4 Qxe5 24. Rf5 Qe3 25. h4 Be7 26. Nh5 g6 27. Nf4 Kh8 28. Rd5 Rad8 29. Rxd8 Rxd8 30. Rf1 Qe5 31. Nh3 h5 32. Qf3 Rf8 33. g3 Kg7 34. Nf4 Bd6 35. Kg2 Qe3 36. Qxe3 dxe3 37. Nd5 e2 38. Re1 Re8 39. Kf3 f6 40. Ne3 Bxg3 41. Rxe2 Be5 42. a4 a6 43. Nd5 Rd8 44. Ne3 Rxd3 45. axb5 axb5 46. Ke4 Rxb3 47. Rc2 Bd4 48. Nd5 Rxb2 49. Rc1 Re2+ 50. Kd3 Rh2 51. Re1 Rh3+ 52. Kc2 Rxh4 53. Re7+ Kh6 54. Rb7 Rh2+ 55. Kd3 Rh3+ 56. Ke2 b4 57. Ne7 Re3+ 58. Kd2 Kg5 59. Nc6 h4 60. Rb5 Kh6 61. Rb8 Re6 62. Nd8 Bc3+ 63. Kd3 Rd6+ 64. Kc4 Rxd8 65. Rxd8 Kg5 66. Rd3 Kg4 67. Rd1 h3 68. Rg1+ Kh5 69. Rg3 Kh4 70. Rxg6 h2 71. Rh6+ Kg3 72. Rg6+ Kh3 73. Rh6+ Kg2 74. Rg6+ Kh1 75. Kd3 f5 76. Kc2 f4 77. Kd3 Bd4 78. Ke2 b3 79. Rb6 b2 80. Kf3 Kg1 81. Rg6+ Kf1 82. Rh6 b1=Q 83. Rxh2 Qd3+ 84. Kxf4 Qe3+ 85. Kg4 Qe4+ 86. Kh3 Qf5+ 87. Kh4 Bf6+ 88. Kg3 Be5+ 89. Kh4 Qh7+ 90. Kg4 Qxh2 91. Kf3 Qf4# 0-1


[Site "https://www.chess.com"]

[Event "Titled Tuesday Blitz February 07 Early 2023"]
[White "Malek, Jan"]
[Black "Guseinov, Gadir"]
[WhiteFideId "21864080"]
[BlackFideId "13401378"]
[WhiteElo "2370"]
[BlackElo "2661"]
[Result "0-1"]
[Round "08"]
[TimeControl "180+2"]
[Date "2023.02.07"]
[WhiteClock "0:00:03"]
[BlackClock "0:00:15"]

1. Nf3 g6 2. d4 Bg7 3. g3 d6 4. Bg2 Nf6 5. O-O O-O 6. c4 c5 7. Nc3 Nc6 8. d5 Na5 9. Nd2 a6 10. Rb1 b5 11. cxb5 axb5 12. Nxb5 Ba6 13. Nc3 Nd7 14. Qc2 Qb6 15. Re1 Rfb8 16. b3 Qa7 17. Bf1 Ne5 18. Rd1 Bc8 19. e4 Bg4 20. Re1 Qd7 21. Bb2 c4 22. bxc4 Rc8 23. Nd1 Nb7 24. Ra1 Nc5 25. Ne3 Bh3 26. Be2 Rcb8 27. Reb1 f5 28. exf5 gxf5 29. f4 Rxb2 30. Rxb2 Ned3 31. Bxd3 Nxd3 32. Qxd3 Bxb2 33. Rb1 Bf6 34. Qb3 Qa7 35. Nf3 Qc5 36. Kf2 Ra3 37. Qb8+ Kg7 38. Re1 Bg4 39. Nh4 Rxa2+ 40. Kg1 Bd4 41. Ng2 Bf3 42. Kf1 Bxg2+ 43. Nxg2 Qxc4+ 0-1


[Site "https://www.chess.com"]

[Event "Titled Tuesday Blitz February 07 Early 2023"]
[White "Ajay, Karthikeyan"]
[Black "Gokerkan, Cem Kaan"]
[WhiteFideId "35011685"]
[BlackFideId "6336760"]
[WhiteElo "2454"]
[BlackElo "2500"]
[Result "1/2-1/2"]
[Round "08"]
[TimeControl "180+2"]
[Date "2023.02.07"]
[WhiteClock "0:00:24"]
[BlackClock "0:00:13"]

1. Nf3 Nf6 2. g3 b6 3. Bg2 Bb7 4. b3 c5 5. Bb2 e6 6. O-O Be7 7. c4 O-O 8. Nc3 d5 9. cxd5 Nxd5 10. Rc1 Nd7 11. d4 cxd4 12. Nxd4 Nxc3 13. Bxc3 Bxg2 14. Kxg2 Rc8 15. Bb2 Nc5 16. Nf3 Bf6 17. Qxd8 Rfxd8 18. Bxf6 gxf6 19. Rfd1 Rxd1 20. Rxd1 Kf8 21. Rc1 Rd8 22. b4 Na6 23. a3 Ke7 24. h4 Rd7 25. Rc8 Rd8 26. Rc3 Kd7 27. g4 Nc7 28. g5 Nd5 29. Rd3 Ke7 30. Kg3 fxg5 31. hxg5 Rg8 32. e4 Nc7 33. Ne5 Rxg5+ 34. Kf4 f6 35. Rd7+ Ke8 36. Rxc7 Rxe5 37. Rxa7 h5 38. f3 b5 39. Rh7 Rg5 40. Rb7 Kf8 41. Ra7 Ke8 1/2-1/2


[Site "https://www.chess.com"]